 Dungeon Crawl Stone Soup version 0.19.0-2-gae57169 (webtiles) character file.

49 dvd the Stinger (level 3, 0/21 HPs)
             Began as an Octopode Venom Mage on Nov 6, 2016.
             Killed from afar by an orc wizard (11 damage)
             ... with a magic dart
             ... on level 3 of the Dungeon.
             The game lasted 00:04:40 (2358 turns).

dvd the Stinger (Octopode Venom Mage)               Turns: 2358, Time: 00:04:41

Health: 0/21       AC:  1    Str:  7    XL:     3   Next: 75%
Magic:  1/6        EV: 13    Int: 18    God:
Gold:   107        SH:  0    Dex: 12    Spells: 2 memorised, 2 levels left

rFire  . . .     SeeInvis .     a - +0 dagger
rCold  . . .     Gourm    .     (no shield)
rNeg   . . .     Faith    .     (helmet restricted)
rPois  .         Spirit   .     (no amulet)
rElec  .         Reflect  .     (no ring)
rCorr  .         Harm     .     (no ring)
MR     .....                    (no ring)
Stlth  +++.......               (no ring)
                                (no ring)
                                (no ring)
                                (no ring)
                                (no ring)

@: no status effects
A: almost no armour, stealthy swim, amphibious, 8 rings, constrict 8, camouflage
1, gelatinous body 1
a: no special abilities


You were on level 3 of the Dungeon.
You were not hungry.

You visited 1 branch of the dungeon, and saw 3 of its levels.

You collected 107 gold pieces.

Inventory:

Hand Weapons
 a - a +0 dagger (weapon)
Scrolls
 e - a scroll of remove curse {unknown}
 f - a scroll of amnesia {unknown}
 h - 3 scrolls of teleportation {unknown}
 i - 2 scrolls of immolation {unknown}
 k - a scroll of identify {unknown}
 n - a scroll of blinking {unknown}
Potions
 d - 3 potions of lignification {unknown}
 j - a potion of degeneration {unknown}
 l - 2 potions of heal wounds {unknown}
 o - a potion of curing {unknown}
 q - a potion of might {unknown}
Books
 c - a Young Poisoner's Handbook

   Spells                             Type                      Level
   a - Sting                          Conjuration/Poison           1
   b - Mephitic Cloud                 Conjuration/Poison/Air       3
   c - Olgreb's Toxic Radiance        Poison                       4
   d - Alistair's Intoxication        Transmutation/Poison         5
   e - Venom Bolt                     Conjuration/Poison           5
Comestibles
 b - a bread ration
 g - 4 meat rations
 m - a beef jerky
 p - 2 chunks of flesh


   Skills:
 + Level 0.2 Short Blades
 + Level 2.1 Dodging
 + Level 2.9 Stealth
 + Level 2.3 Spellcasting
 + Level 1.1 Conjurations
 + Level 5.7 Poison Magic


You had 2 spell levels left.
You knew the following spells:

 Your Spells              Type           Power        Failure   Level  Hunger
a - Sting                 Conj/Pois      ##..         6%          1    #......
b - Mephitic Cloud        Conj/Pois/Air  ##......     24%         3    ###....


Dungeon Overview and Level Annotations

Branches:
Dungeon (3/15)

Altars:
Kikubaaqudgha


Innate Abilities, Weirdness & Mutations

You cannot wear most types of armour.
You are very stealthy in the water. (Stealth+)
You are amphibious.
You can wear up to eight rings at the same time.
You can use your tentacles to constrict eight enemies at once.
Your skin changes colour to match your surroundings (Stealth+).
Your rubbery body absorbs attacks. (AC +1, EV +1)


Message History

The magic dart hits you!
An orc comes into view. It is wielding a mace.
You barely miss the orc wizard. Your grab misses the orc wizard.
The orc wizard is moderately wounded.
The orc wizard hits you but does no damage.
The orc moves out of view.
The orc wizard hits you with a dagger.
You closely miss the orc wizard. Your grab misses the orc wizard.
Your squeeze misses the orc wizard.
The orc wizard is heavily wounded.
The orc wizard hits you but does no damage.
You hit the orc wizard. Your grab misses the orc wizard.
The orc wizard is severely wounded.
The orc wizard hits you with a dagger.
You hit the orc wizard. Your grab misses the orc wizard.
The orc wizard is almost dead.
The orc wizard gestures at you while chanting.
The magic dart hits you!
Ouch! That really hurt!
You die...

######## ### #####......#
... ...........## #.#..
............ o.. #.#.#
####......## #.. #.#.#
#..#......## #...
#?#.#####..#........ #...
#.#.#......#......##
#o...#.#@#.###.##........
##....#.#o#.###....#.....#
.................##.###.#.
#....#...#####.##.♣.###.⌠
#.. #.)...##.#### #.###.
#.............# #.#.#
###..........#.⌠ ⌠.#
#...........# #.#
.............#


You could see an orc wizard.

Vanquished Creatures
  A leopard gecko (D:2)
  An orc (D:3)
  A ball python (D:1)
  6 bats
  2 giant cockroaches (D:1)
  7 goblins
  11 hobgoblins
  2 kobolds (D:1)
  A quokka (D:2)
  3 frilled lizards
  6 rats
41 creatures vanquished.

Notes
Turn   | Place    | Note
-------+----------+-------------------------------------------
     0 | D:1      | dvd the Octopode Venom Mage began the quest for the Orb.
     0 | D:1      | Reached XP level 1. HP: 11/11 MP: 3/3
   203 | D:1      | Reached skill level 5 in Poison Magic
   358 | D:1      | Reached XP level 2. HP: 17/17 MP: 3/5
  1152 | D:1      | Reached XP level 3. HP: 21/21 MP: 4/6
  1157 | D:1      | Learned a level 3 spell: Mephitic Cloud
  1885 | D:2      | Found an ancient bone altar of Kikubaaqudgha.
  2281 | D:3      | Reached skill level 1 in Conjurations
  2358 | D:3      | Killed from afar by an orc wizard

Skill      XL: |  1  2  3 |
---------------+----------+-----
Poison Magic   | 5 |  5.7
Conjurations   | 1 |  1.1
Short Blades   | |  0.2
Dodging        | |  2.1
Stealth        | |  2.9
Spellcasting   | |  2.3

Action                   || total
-------------------------++-------
Melee: Dagger            ||    20
       Constrict         ||     7
       Unarmed           ||     2
       Tentacles         ||     1
 Cast: Sting             ||    73
 Stab: Sleeping          ||     2
  Eat: Chunk             ||     5
Armor: Skin              ||     2
Dodge: Dodged            ||    14
